 Seeded DCSS version 0.30.1-6-gbe392663c4 (webtiles) character file.

Game seed: 15265865335305158418 (custom seed)

2 Psyclone the Sneak (level 1, -1/9 HPs)
             Began as a Spriggan Enchanter on Sept 20, 2023.
             Slain by a quokka (5 damage)
             ... on level 1 of the Dungeon.
             The game lasted 00:01:17 (66 turns).

Psyclone the Sneak (Spriggan Enchanter)               Turns: 66, Time: 00:01:18

Health: -1/9       AC:  2    Str:  4    XL:     1   Next: 33%
Magic:  5/5        EV: 17    Int: 16    God:
Gold:   17         SH:  0    Dex: 15    Spells: 5/5 levels left

rFire   . . .        a - +1 dagger
rCold   . . .        (no shield)
rNeg    . . .        b - +0 robe
rPois   .            (helmet restricted)
rElec   .            (no cloak)
rCorr   .            (gloves unavailable)
SInv    +            (boots unavailable)
Will    .....        (no amulet)
Stlth   +++          (no ring)
HPRegen 0.21/turn    (no ring)
MPRegen 0.09/turn

%: no passive effects
@: very quick
A: very small, no large weapons, unfitting armour, see invisible, speed 3
a: no special abilities


You were on level 1 of the Dungeon.
You visited 1 branch of the dungeon, and saw 1 of its levels.

You collected 17 gold pieces.

Inventory:

Hand Weapons
 a - a +1 dagger (weapon)
Armour
 b - a +0 robe (worn)
Scrolls
 e - a scroll of blinking {unknown}
 g - a scroll of vulnerability {unknown}
Potions
 c - 2 potions of invisibility
 d - a potion of curing {unknown}
 f - a potion of berserk rage {unknown}


   Skills:
 * Level 1.4 Short Blades
 - Level 2.6 Dodging
 + Level 4.5 Stealth
 - Level 2.6 Spellcasting
 - Level 3.6 Hexes


You had 5 spell levels left.
You didn't know any spells.
Your spell library contained the following spells:

 Spells                   Type           Power      Damage    Failure   Level
 Confusing Touch          Hex            13%        N/A       13%         3
 Tukima's Dance           Hex            13%        N/A       13%         3
 Ensorcelled Hibernation  Hex/Ice        14%        N/A       14%         2
 Dazzling Flash           Conj/Hex       14%        N/A       28%         3


Dungeon Overview and Level Annotations

Branches:
Dungeon (1/15) Zot: 5954

Altars:


Innate Abilities, Weirdness & Mutations

You are very small and have problems with some larger weapons.
You are too small for most types of armour.
You have supernaturally acute eyesight. (SInv)
You cover ground extremely quickly. (Speed+++)


Message History

There is an open door here.
A kobold, a quokka and a bat come into view.
The kobold shouts!
The kobold hits you with a +0 short sword.
You take 1 damage, and have 8/9 hp.
You hit the kobold.
The kobold is severely wounded.
The kobold hits you with a +0 short sword.
You take 3 damage, and have 5/9 hp.
MASSIVE DAMAGE!!
You miss the kobold.
The kobold is severely wounded.
The bat closely misses you.
The kobold hits you with a +0 short sword.
You take 2 damage, and have 3/9 hp.
MASSIVE DAMAGE!!
The bat attacks as you move away! The bat hits you but does no damage.
The bat misses you.
There is an open door here.
You hit the bat.
The bat is severely wounded.
The bat barely misses you.
You barely miss the kobold.
The kobold is severely wounded.
The kobold hits you but does no damage.
You closely miss the kobold.
The kobold is severely wounded.
The kobold barely misses you.
You hit the kobold.
You kill the kobold!
The bat barely misses you.
You hit the bat.
The bat is severely wounded.
The bat barely misses you.
You hit the quokka.
The quokka is almost dead.
The quokka closely misses you.
You closely miss the quokka.
The quokka is almost dead.
The quokka bites you.
Ouch! That really hurt!
You die...

######..##..##
##..)..........
#.#................
#.#...##...##.).##..
#.#..####..##..## .
#.#.†####..##..#
#.#...##...##...
#.#........#
#.#@......##
#.r########
#...b.......
#...........##
#..##.##r...# ... #.
....# #. #. ....# #
#. ...# #. ...#


You could see a quokka and a bat.

Vanquished Creatures
  A hobgoblin (D:1)
  A kobold (D:1)
2 creatures vanquished.

Notes
Turn   | Place    | Note
-------+----------+-------------------------------------------
     0 | D:1      | Psyclone the Spriggan Enchanter began the quest for the
                  | Orb.
     0 | D:1      | Reached XP level 1. HP: 9/9 MP: 5/5
    66 | D:1      | Slain by a quokka

Illustrated notes

Levels and vault maps discovered:
D:1:      minmay_arrival_four_loops, layout_basic, chequers_serial_rivers_marsh,
          minivault_4

Action                     || total
---------------------------++-------
  Melee: Dagger            ||    10
   Stab: Sleeping          ||     1
 Armour: Robe              ||     2
  Dodge: Dodged            ||     7
